 Dungeon Crawl Stone Soup version 0.31-a0-859-g9dce7d3444 (webtiles) character file.

Game seed: 7728524902575098046

7 Naiya55 the Firebug (level 2, 11/22 HPs)
             Began as a Naga Fire Elementalist on Oct 9, 2023.
             Quit the game on level 1 of the Dungeon.
             The game lasted 00:02:42 (131 turns).

Naiya55 the Firebug (Naga Fire Elementalist)         Turns: 131, Time: 00:02:43

Health: 11/22      AC:  1    Str: 10    XL:     2   Next: 4%
Magic:  2/5        EV:  9    Int: 15    God:
Gold:   0          SH:  0    Dex: 11    Spells: 4/5 levels left

rFire   . . .        d - +0 short sword
rCold   . . .        (no shield)
rNeg    . . .        a - +0 robe
rPois   +            (no helmet)
rElec   .            (no cloak)
rCorr   .            (no gloves)
SInv    +            (no barding)
Will    .....        (no amulet)
Stlth   ++           (no ring)
HPRegen 0.23/turn    (no ring)
MPRegen 0.09/turn

%: no passive effects
@: very slow
A: AC +0, large, see invisible, deformed body, poison resistance, slowness 2,
spit poison 1, naga tail 1
a: Spit Poison


You were on level 1 of the Dungeon.
You visited 1 branch of the dungeon, and saw 1 of its levels.

Inventory:

Hand Weapons
 d - a +0 short sword (weapon)
 e - a +0 dagger
Armour
 a - a +0 robe (worn)
Scrolls
 c - a scroll of teleportation {unknown}
Potions
 b - a potion of magic


   Skills:
 - Level 1.5 Dodging
 - Level 3.0 Stealth
 + Level 2.2 Spellcasting
 + Level 1.3 Conjurations
 * Level 3.1 Fire Magic


You had 4 spell levels left.
You knew the following spells:

 Your Spells              Type           Power      Damage    Failure   Level
a - Foxfire               Conj/Fire      32%        2x1d5     9%          1

Your spell library contained the following spells:

 Spells                   Type           Power      Damage    Failure   Level
 Scorch                   Fire           22%        2d5       9%          2
 Inner Flame              Hex/Fire       6%         N/A       34%         3
 Volatile Blastmotes      Fire/Tloc      12%        2d11      34%         3
 Flame Wave               Conj/Fire      8%         2d5       65%         4


Dungeon Overview and Level Annotations

Branches:
Dungeon (1/15)

Altars:


Innate Abilities, Weirdness & Mutations

Your serpentine skin is tough. (AC +0)
You have supernaturally acute eyesight. (SInv)
Armour fits poorly on your strangely shaped body.
Your system is resistant to poisons. (rPois)
You cover ground very slowly.
You can spit poison.
You have a snake-like lower body.


Message History

You conjure some foxfire!
Casting: Foxfire (safe; 10% risk of failure)
Confirm with . or Enter, or press ? or * to list all spells.
You conjure some foxfire!
The foxfire hits the goblin.
The goblin is severely wounded.
The foxfire hits the goblin.
You kill the goblin!
The foxfire hits the dart slug.
The dart slug is moderately wounded.
The foxfire hits the dart slug.
The dart slug is severely wounded.
The dart slug launches a dart at you. The slug dart hits you.
Your magical contamination has completely faded away.
You hit the dart slug but do no damage.
The dart slug is severely wounded.
The dart slug launches a dart at you. The slug dart hits you.
You hit the dart slug.
You kill the dart slug!
You have reached level 2!
A frilled lizard comes into view.
The frilled lizard moves out of view.
Found a scroll labelled XAEKHOG WIEFI.
Things that are here:
a +0 dagger; a goblin corpse
e - a +0 dagger The frilled lizard hisses.
The frilled lizard bites you. The frilled lizard closely misses you.
You see here 4 gold pieces.
You hit the frilled lizard but do no damage.
The frilled lizard bites you.
You barely miss the frilled lizard.
The frilled lizard completely misses you.
You hit the frilled lizard.
You kill the frilled lizard!
You see here a frilled lizard corpse.
Unknown command.
Are you sure you want to abandon this character and quit the game? (Confirm with "yes".)

. . ##. .# # ..
##.##.##. #.
#.......#.
##.#####...#.#...
####...............?
#......###........#
...........$......#
#........@...###
.#......†....♣
#.........P~~.~
#..##...#....~♣
##.##...#.~~~~≈
#####.##....P~~~≈≈
#.>......###.♣~~~~
#.###†#### ..~~~~ #
#.# ##?.#...


There were no monsters in sight!

Vanquished Creatures
  A dart slug (D:1)
  A ball python (D:1)
  A frilled lizard (D:1)
  A goblin (D:1)
  A kobold (D:1)
  3 rats (D:1)
8 creatures vanquished.

Vanquished Creatures (others)
  14 foxfires (D:1)
14 creatures vanquished.

Grand Total: 22 creatures vanquished

Notes
Turn   | Place    | Note
-------+----------+-------------------------------------------
     0 | D:1      | Naiya55 the Naga Fire Elementalist began the quest for the
                  | Orb.
     0 | D:1      | Reached XP level 1. HP: 15/15 MP: 3/3
   119 | D:1      | Reached XP level 2. HP: 13/22 MP: 0/5
   131 | D:1      | Quit the game

Illustrated notes

Levels and vault maps discovered:
D:1:      minmay_arrival_semitransparent, layout_loops_ring, serial_bayou,
          serial_bayou_crossing, serial_bayou_shore_b, serial_bayou_lake_a,
          serial_bayou_pond_b, serial_bayou_pond_b, serial_shops, shop,
          nrook_mini_vaults

Action                     || total
---------------------------++-------
  Melee: Unarmed           ||     4
         Short sword       ||     5
   Cast: Foxfire           ||     9
 Armour: Robe              ||     7
  Dodge: Dodged            ||     7

Table legend: (Time is in decaauts)
 A = Elapsed time spent in this place.
 B = Non-inter-level travel time spent in this place.
 C = Inter-level travel time spent in this place.
 D = Time resting spent in this place.
 E = Time spent auto-exploring this place.
 F = Levels seen in this place.
 G = Mean time per level.
                   A        B        C        D        E       F      G
               +--------+--------+--------+--------+--------+-----+--------+
         Total |    155 |    155 |      0 |      0 |     52 |   1 |  155.0 |
       Dungeon |    155 |    155 |      0 |      0 |     52 |   1 |  155.0 |
               +--------+--------+--------+--------+--------+-----+--------+

Top non-repeatable levels by time:
     D:1: 155 daAuts
